 Dungeon Crawl Stone Soup version 0.18-a0-888-gdb73dea (webtiles) character file.

504 George the Firebug (level 6, -1/32 HPs)
             Began as a Deep Elf Fire Elementalist on Dec 24, 2015.
             Was an Initiate of Vehumet.
             Slain by a slave (7 damage)
             ... led by Pikel
             ... on level 5 of the Dungeon.
             The game lasted 00:16:39 (5471 turns).

George the Firebug (Deep Elf Fire Elementalist)     Turns: 5471, Time: 00:16:39

Health: -1/32      AC:  5    Str:  5    XL:     6   Next: 96%
Magic:  1/12       EV: 13    Int: 26    God:    Vehumet [......]
Gold:   266        SH:  0    Dex: 15    Spells: 2 memorised, 7 levels left

rFire  + . .     SeeInvis .     D - staff of fire
rCold  . . .     Gourm    .     a - +0 robe
rNeg   . . .     Faith    .     (no shield)
rPois  .         Spirit   .     (no helmet)
rElec  .         Dismiss  .     t - +2 cloak
rCorr  .         Reflect  .     (no gloves)
SustAt .         Harm     .     (no boots)
MR     +....                    (no amulet)
Stlth  ++........               y - ring of protection from magic
                                E - +4 ring of intelligence

@: somewhat resistant to hostile enchantments, unstealthy
A: no striking features
a: Renounce Religion


You were on level 5 of the Dungeon.
You worshipped Vehumet.
Vehumet was noncommittal.
You were not hungry.

You visited 2 branches of the dungeon, and saw 9 of its levels.

You collected 266 gold pieces.

Inventory:

Armour
 a - a +0 robe (worn)
 t - a +2 cloak (worn)
Magical Staves
 D - an uncursed staff of fire (weapon)
Jewellery
 y - a ring of protection from magic (right hand)
 A - an uncursed ring of ice
 E - a +4 ring of intelligence (left hand)
Scrolls
 d - a scroll of remove curse
 j - a scroll of teleportation
 m - 2 scrolls of immolation
 s - a scroll of enchant weapon
 w - a scroll of magic mapping
Potions
 k - a potion of resistance
 l - a potion of might
 q - 2 potions of invisibility
 x - 4 potions of curing
 z - a potion of agility
 F - a potion of brilliance
 H - a potion of haste
Books
 b - a book of Flames

   Spells                             Type                      Level
   a - Flame Tongue                   Conjuration/Fire             1
   b - Throw Flame                    Conjuration/Fire             2
   c - Conjure Flame                  Conjuration/Fire             3
   d - Inner Flame                    Hexes/Fire                   3
   e - Sticky Flame                   Conjuration/Fire             4
   f - Fireball                       Conjuration/Fire             5
Comestibles
 c - 5 bread rations
 p - a meat ration
 u - 3 beef jerkies
 I - 3 chunks of flesh


   Skills:
 - Level 2.4 Dodging
 - Level 2.4 Stealth
 - Level 3.0 Spellcasting
 + Level 5.7 Conjurations
 + Level 6.4 Fire Magic


You had 7 spell levels left.
You knew the following spells:

 Your Spells              Type           Power        Failure   Level  Hunger
a - Flame Tongue          Conj/Fire      #####        1%          1    None
b - Conjure Flame         Conj/Fire      ######..     2%          3    ###....


Dungeon Overview and Level Annotations

Branches:
Dungeon (8/15)             Temple (1/1) D:5
   Lair: D:8-11

Altars:
Ashenzari
Dithmenos
Elyvilon
Fedhas
Gozag
Kikubaaqudgha
Makhleb
Nemelex Xobeh
Okawaru
Ru
Sif Muna
Trog
Vehumet
Xom
Yredelemnul
The Shining One

Shops:
D:5 ![?

Annotations:
D:5 Pikel
D:7 1 runed door


Message History

You feel a surge of power!
The flame tongue hits the slave.
The slave is almost dead.
The slave hits you.
Casting: Flame Tongue
Confirm with . or Enter, or press ? or * to list all spells.
Aiming: Flame Tongue
Press: ? - help, Shift-Dir - straight line, f/p - slave
Aim: a slave, wearing an animal skin (almost dead)
You feel a surge of power!
The flame tongue hits the slave.
The slave is almost dead.
The slave hits you!
* * * LOW HITPOINT WARNING * * *
Casting: Flame Tongue
Confirm with . or Enter, or press ? or * to list all spells.
Aiming: Flame Tongue
Press: ? - help, Shift-Dir - straight line, f/p - slave
Aim: a slave, wearing an animal skin (almost dead)
You feel a surge of power!
The flame tongue misses the slave.
The slave hits you!
You die...

..##..... ..
............>. ##..
<)...# ##....#. p....
...#............ .....
.......##....... .?....
...##### ....p####......
...# .pK##.....## ...#
##.####§##.#..... ......
........p@........ ......
.....♣.##......#.
...............#.........
............♣∩♣###.......
.....# ##.. .. .......
..... #. ..♣ ####.## . #
### .# . ## ######


You could see 2 slaves.

Vanquished Creatures
  A sky beast (D:5)
  A giant frog (D:7)
  2 hounds
  A jelly (D:8)
  An orc wizard (D:3)
  Jessica (D:2)
  A hound skeleton (D:5)
  3 adders
  3 gnolls (D:3)
  An ooze (D:2)
  5 worms
  5 giant geckos
  16 orcs
  6 giant cockroaches
  2 hobgoblins
  6 jackals
  8 kobolds
  A quokka (D:5)
  A ball python (D:2)
  8 bats
  7 giant newts
  4 goblins
  21 rats
105 creatures vanquished.

Notes
Turn   | Place    | Note
--------------------------------------------------------------
     0 | D:1      | George the Deep Elf Fire Elementalist began the quest for the Orb.
     0 | D:1      | Reached XP level 1. HP: 10/10 MP: 6/6
   254 | D:1      | Reached XP level 2. HP: 15/15 MP: 5/8
   875 | D:1      | Reached skill level 4 in Fire Magic
  1054 | D:1      | Reached XP level 3. HP: 19/19 MP: 6/9
  2121 | D:2      | Noticed Jessica
  2128 | D:2      | Killed Jessica
  2128 | D:2      | Reached XP level 4. HP: 24/24 MP: 5/10
  2589 | D:2      | Learned a level 3 spell: Conjure Flame
  2949 | D:3      | Reached skill level 5 in Fire Magic
  2949 | D:3      | Reached XP level 5. HP: 28/28 MP: 3/11
  3619 | D:3      | Found a sacrificial altar of Ru.
  4613 | D:4      | Found a glowing golden altar of the Shining One.
  4805 | D:5      | Entered Level 5 of the Dungeon
  4860 | D:5      | Found Jompefoa's Antique Armour Boutique.
  4926 | D:5      | Reached XP level 6. HP: 29/32 MP: 7/12
  4975 | D:5      | Reached skill level 5 in Conjurations
  4975 | D:5      | Reached skill level 6 in Fire Magic
  5109 | D:5      | Found a staircase to the Ecumenical Temple.
  5115 | Temple   | Entered the Ecumenical Temple
  5152 | Temple   | Became a worshipper of Vehumet
  5180 | D:5      | Found Lougror's Distillery.
  5231 | D:5      | You fall through a shaft for 3 floors!
  5315 | D:8      | Found an ancient bone altar of Kikubaaqudgha.
  5371 | D:7      | Found a white marble altar of Elyvilon.
  5371 | D:7      | Noticed an angel
  5372 | D:7      | Found a runed door.
  5458 | D:5      | Found Coajig's Magic Scroll Shoppe.
  5461 | D:5      | Noticed Pikel
  5471 | D:5      | Slain by a slave

Vault maps used:
D:1:      erik_arrival_orb_chamber, serial_forest, infiniplex_forest_corner_2,
          infiniplex_forest_lined_4_way, infiniplex_forest_lined_corner,
          infiniplex_forest_clump_large, infiniplex_forest_end_3,
          infiniplex_forest_end_2, infiniplex_forest_clump_long,
          infiniplex_forest_end_double
D:2:      uniq_jessica
D:3:      nicolae_overflow_crystal_walls
D:4:      tso_oasis_becter, first_bread
D:5:      temple_statues, serial_shops, shop, nicolae_shop_trees, shop, shop,
          nicolae_shop_waterfront, uniq_pikel
D:6:      grunt_pakellas_basics, basic_altar
D:7:      basic_altar, the_bakery, lemuel_angel_altar, uniq_duvessa
D:8:      grunt_temple_overflow_open, zin_scriptorium, serial_shops,
          nicolae_shop_behind_doors
Temple:   circular_temple_13

Action                   |  1- 3 |  4- 6 || total
-------------------------+-------+-------++-------
Melee: Dagger            |       |     4 ||     4
 Cast: Flame Tongue      |    67 |   138 ||   205
       Conjure Flame     |       |     6 ||     6
  Use: Scroll            |       |    15 ||    15
  Eat: Chunk             |     3 |    11 ||    14
